 Dungeon Crawl Stone Soup version 0.28.0-45-g0d030f2227 (webtiles) character file.

Game seed: 56948421181867021

1157 DemonSlayer the Firebug (level 8, -1/53 HPs)
             Began as a Demonspawn Fire Elementalist on Apr 12, 2022.
             Was an Initiate of Cheibriados.
             Slain by a red devil
             ... wielding a +0 trident
             ... summoned by a kobold demonologist
              (16 damage)
             ... on level 5 of the Dungeon.
             The game lasted 00:15:54 (6683 turns).

DemonSlayer the Firebug (DsFE)                      Turns: 6683, Time: 00:15:54

Health: -1/53      AC:  3    Str: 10    XL:     8   Next: 16%
Magic:  14/15      EV: 12    Int: 20    God:    Cheibriados [......]
Gold:   215        SH:  0    Dex: 14    Spells: 9/16 levels left

rFire   . . .      SeeInvis .   m - +1 dagger (drain)
rCold   . . .      Faith    .   (no shield)
rNeg    + . .      Spirit   .   a - +0 robe
rPois   .          Reflect  .   (no helmet)
rElec   .          Harm     .   r - +0 cloak
rCorr   .          Rampage  .   (no gloves)
Will    .....                   (boots unavailable)
Stlth   +.........              (no amulet)
HPRegen 0.17/turn               h - ring of positive energy
MPRegen 0.14/turn               (no ring)

@: confused, about to teleport, ambrosia-drunk, spiked, very slow
A: hooves 3, demonic magic 1, weakness stinger 1
a: Renounce Religion


You were on level 5 of the Dungeon.
You worshipped Cheibriados.
Cheibriados was noncommittal.
You visited 2 branches of the dungeon, and saw 6 of its levels.

You collected 245 gold pieces.
You spent 30 gold pieces at shops.

Inventory:

Hand Weapons
 m - a +1 dagger of draining (weapon)
Armour
 a - a +0 robe (worn)
 l - an orb of energy
 r - a +0 cloak (worn)
Jewellery
 h - a ring of positive energy (left hand)
 q - a +4 ring of evasion
 t - a ring of willpower
Wands
 b - a wand of charming (8)
Scrolls
 d - a scroll of teleportation
 f - 5 scrolls of identify {unknown}
 j - a scroll of noise {unknown}
 k - a scroll of vulnerability {unknown}
 p - a scroll of fog {unknown}
 s - a scroll of enchant weapon {unknown}
Potions
 c - 2 potions of ambrosia
 e - 2 potions of curing
 g - a potion of lignification {unknown}
 i - 2 potions of degeneration {unknown}
 n - a potion of flight {unknown}
 o - a potion of attraction {unknown}


   Skills:
 + Level 0.9 Fighting
 + Level 1.2 Short Blades
 + Level 2.6 Dodging
 + Level 4.9 Stealth
 + Level 4.9 Spellcasting
 + Level 4.0 Conjurations
 + Level 5.0 Fire Magic


You had 9 spell levels left.
You knew the following spells:

 Your Spells              Type           Power      Damage    Failure   Level
a - Foxfire               Conj/Fire      92%        2x1d8     1%          1
b - Scorch                Fire           50%        2d7       2%          2
c - Cause Fear            Hex            2%         N/A       75%         4

Your spell library contained the following spells:

 Spells                   Type           Power      Damage    Failure   Level
 Conjure Flame            Conj/Fire      23%        6-21      5%          3
 Apportation              Tloc           8%         N/A       12%         1
 Inner Flame              Hex/Fire       15%        N/A       12%         3
 Ignite Poison            Fire/Tmut/Pois 11%        N/A       17%         3
 Flame Wave               Conj/Fire      23%        2d7       19%         4
 Sticky Flame             Conj/Fire      23%        2d4       19%         4
 Summon Guardian Golem    Hex/Summ       4%         N/A       34%         3
 Hailstorm                Conj/Ice       12%        3d5       45%         4
 Ice Form                 Ice/Tmut       4%         N/A       75%         4
 Alistair's Intoxication  Tmut/Pois      2%         N/A       97%         5
 Simulacrum               Ice/Necr       2%         N/A       100%        6
 Orb of Destruction       Conj           10%        9d6       100%        7
 Spellforged Servitor     Conj/Summ      6%         N/A       100%        7
 Discord                  Hex            2%         N/A       100%        8


Dungeon Overview and Level Annotations

Branches:
Dungeon (5/15)             Temple (1/1) D:4

Altars:
Ashenzari
Cheibriados
Dithmenos
Elyvilon
Fedhas
Gozag
Kikubaaqudgha
Makhleb
Qazlal
Ru
Sif Muna
Trog
Uskayaw
Wu Jian
Xom
Yredelemnul
Zin
The Shining One

Shops:
D:2 ?!=


Innate Abilities, Weirdness & Mutations

You have hooves in place of feet.
Spells you cast may paralyse adjacent enemies.
You have a small tail.


Message History

The kobold demonologist is burned terribly!
The kobold demonologist is almost dead.
Malevolent energies surge around you. The hound misses you.
The kobold demonologist casts a spell.
Flames lash the hound.
The hound is burned terribly!
You kill the hound!
Cheibriados appreciates the change of pace.
Malevolent energies surge around you.
The hound suddenly stops moving!
The kobold demonologist casts a spell.
Your Conjurations skill increases to level 4!
The helpless hound fails to defend itself.
You puncture the hound!
You kill the hound!
The red devil hits you from afar with a +0 trident!
Barbed spikes become lodged in your body.
Flames lash the kobold demonologist but do no damage.
Malevolent energies surge around you.
The red devil hits you from afar with a +0 trident.
Barbed spikes become lodged in your body.
As you read the scroll of teleportation, it crumbles to dust.
You feel strangely unstable.
The red devil hits you from afar with a +0 trident!!
* * * LOW HITPOINT WARNING * * *
Barbed spikes become lodged in your body.
You feel better. The shadow imp puffs mist at you.
The kobold demonologist looks encouraged for a moment.
The red devil hits you from afar with a +0 trident.
* * * LOW HITPOINT WARNING * * *
Barbed spikes become lodged in your body.
The barbs in your skin will harm you if you move.
Continue?
Okay, then.
It was a potion of ambrosia.
You are confused.
You feel invigorated.
The red devil hits you but does no damage.
The barbs in your skin will harm you if you move.
Continue?
You bump into the rock wall.
The crimson imp blinks!
The red devil hits you from afar with a +0 trident!
You die...

......# .#.
>...... ..
....... .###
......K###5..#
#.5ยง4# ####K#
#4# #.# #@# #.#
#.# #.# #.# #.#
.. #.# ... #.#
...############.#


You could see a kobold demonologist (combustible), 2 red devils and a shadow imp
(summoned).

Vanquished Creatures
  Grinder (D:4)
  Prince Ribbit (D:5)
  A black bear (D:4)
  A necrophage (D:4)
  Blork the orc (D:5)
  A howler monkey (D:5)
  2 hounds (D:5)
  3 orc priests
  Natasha (thrice) (D:4)
  3 orc wizards
  An iguana (D:5)
  5 adders
  An ufetubus (D:4)
  An adder skeleton (D:4)
  4 dart slugs
  15 orcs
  10 endoplasms
  4 giant cockroaches
  8 goblins
  12 hobgoblins
  4 jackals (D:1)
  2 quokkas (D:1)
  5 ball pythons
  7 bats
  2 frilled lizards
  10 kobolds
  4 rats
112 creatures vanquished.

Vanquished Creatures (others)
  371 foxfires
371 creatures vanquished.

Grand Total: 483 creatures vanquished

Notes
Turn   | Place    | Note
-------+----------+-------------------------------------------
     0 | D:1      | DemonSlayer the Demonspawn Fire Elementalist began the
                  | quest for the Orb.
     0 | D:1      | Reached XP level 1. HP: 13/13 MP: 3/3
   338 | D:1      | Reached skill level 3 in Fire Magic
   357 | D:1      | Discovered your monstrous ancestry.
   357 | D:1      | Gained mutation: You have large cloven feet. [demonic
                  | ancestry]
   357 | D:1      | Reached XP level 2. HP: 9/19 MP: 0/5
  1478 | D:1      | Gained mutation: Spells you cast may paralyse adjacent
                  | enemies. [demonic ancestry]
  1478 | D:1      | Reached XP level 3. HP: 17/24 MP: 0/6
  1964 | D:1      | Learned a level 2 spell: Scorch
  1999 | D:2      | Found Liskiunel's Distillery.
  2226 | D:2      | Gained mutation: You have a small tail. [demonic ancestry]
  2226 | D:2      | Reached XP level 4. HP: 27/30 MP: 4/7
  2268 | D:2      | Found a faded altar of an unknown god.
  2339 | D:2      | Found Omuafre's Magic Scroll Boutique.
  2356 | D:2      | Bought a scroll of teleportation for 30 gold pieces
  2647 | D:2      | Found Qiafuz's Jewellery Emporium.
  2913 | D:2      | Found a basalt altar of Yredelemnul.
  3217 | D:3      | Gained mutation: You have hoof-like feet. [demonic
                  | ancestry]
  3217 | D:3      | Reached XP level 5. HP: 32/36 MP: 5/8
  4371 | D:3      | Learned a level 4 spell: Cause Fear
  4442 | D:4      | Noticed Grinder
  4447 | D:4      | Noticed a black bear
  4832 | D:4      | Killed Grinder
  4833 | D:4      | Reached skill level 1 in Short Blades
  4833 | D:4      | Gained mutation: You have hooves in place of feet. [demonic
                  | ancestry]
  4833 | D:4      | Reached XP level 6. HP: 32/42 MP: 0/11
  5004 | D:4      | Reached skill level 4 in Fire Magic
  5004 | D:4      | Reached XP level 7. HP: 47/47 MP: 7/12
  5232 | D:4      | Identified the +8 trident "Isan" {vorpal, Dex+2}
  5691 | D:4      | Noticed Natasha
  5697 | D:4      | Killed Natasha
  5756 | D:4      | Found a staircase to the Ecumenical Temple.
  5890 | Temple   | Entered the Ecumenical Temple
  6066 | Temple   | Became a worshipper of Cheibriados the Contemplative
  6146 | D:4      | Noticed Natasha
  6150 | D:4      | Killed Natasha
  6194 | D:4      | Noticed Natasha
  6198 | D:4      | Killed Natasha
  6237 | D:5      | Entered Level 5 of the Dungeon
  6292 | D:5      | Noticed Blork the orc
  6299 | D:5      | Killed Blork the orc
  6472 | D:5      | Noticed Prince Ribbit
  6478 | D:5      | Killed Prince Ribbit
  6479 | D:5      | Reached skill level 5 in Fire Magic
  6479 | D:5      | Reached XP level 8. HP: 43/53 MP: 12/15
  6664 | D:5      | Noticed a kobold demonologist
  6677 | D:5      | Noticed a red devil
  6678 | D:5      | Noticed a red devil
  6683 | D:5      | Slain by a red devil

Illustrated notes

Levels and vault maps discovered:
D:1:      kilobyte_arrival_exit_the_forest, layout_loops_ring
D:2:      layout_rooms, hellmonk_ecumenical_altar_arch_garden, basic_altar,
          serial_shops, shop, shop_coins, shop
D:3:      minmay_chambers_of_twos, layout_rooms, roderic_serpentine_path,
          minmay_goblin_outpost
D:4:      layout_gridville, minmay_temple_entry_statues, minmay_misc_feat_doors,
          st_stairs_9, serial_bayou_pond_e, uniq_natasha, uniq_grinder
D:5:      layout_basic, chequers_garden, cheibrodos_gnoll_hut,
          uniq_blork_the_orc, uniq_menkaure, uniq_prince_ribbit1
Temple:   mainiacjoe_temple_starburst

Skill      XL: |  1  2  3  4  5  6  7  8 |
---------------+-------------------------+-----
Fire Magic     | 3 4 5 |  5.0
Dodging        | 2 |  2.6
Stealth        | 2 3 4 |  4.9
Conjurations   | 2 3 4 |  4.0
Spellcasting   | 3 4 |  4.9
Short Blades   | 1 |  1.2
Fighting       | |  0.9

Action                   |  1- 3 |  4- 6 |  7- 9 || total
-------------------------+-------+-------+-------++-------
Melee: Dagger            |    37 |    47 |    16 ||   100
       Unarmed           |     1 |       |       ||     1
       Kick              |    11 |    10 |     3 ||    24
       Tailslap          |       |     3 |       ||     3
 Cast: Foxfire           |    67 |   119 |    46 ||   232
       Scorch            |       |       |     6 ||     6
  Use: Potion            |     2 |     1 |     2 ||     5
       Scroll            |       |       |     1 ||     1
 Stab: Sleeping          |     4 |     2 |     2 ||     8
       Paralysed         |     7 |    20 |     8 ||    35
Armor: Robe              |    11 |     6 |     4 ||    21
Dodge: Dodged            |    44 |    39 |    18 ||   101
